 Dungeon Crawl Stone Soup version 0.26.1-11-gd32895ea62 (webtiles) character file.

Game seed: 1207002181709852070

482 Zeld the Twirler (level 7, -2/45 HPs)
             Began as an Octopode Gladiator on May 20, 2021.
             Slain by a gnoll
             ... wielding a +1 halberd of flaming
              (8 damage)
             ... on level 4 of the Dungeon.
             The game lasted 00:05:51 (5840 turns).

Zeld the Twirler (Octopode Gladiator)               Turns: 5840, Time: 00:05:52

Health: -2/45      AC:  2    Str: 14    XL:     7   Next: 12%
Magic:  7/7        EV:  8    Int: 10    God:
Gold:   312        SH:  0    Dex: 15    Spells: 6/6 levels left

rFire    . . .     SeeInvis .   a - +1 quarterstaff
rCold    . . .     Faith    .   (shield currently unavailable)
rNeg     . . .     Spirit   .   b - +1 hat
rPois    .         Reflect  .   (no amulet)
rElec    .         Harm     .   (no ring)
rCorr    .         Rampage  .   (no ring)
Will     .....                  (no ring)
Stlth    ++........             (no ring)
HPRegen  0.15/turn              (no ring)
MPRegen  0.10/turn              (no ring)
                                (no ring)
                                (no ring)

@: held
A: almost no armour, stealthy swim, amphibious, 8 rings, constrict 8, camouflage
1, gelatinous body 1
a: no special abilities


You were on level 4 of the Dungeon.
You visited 1 branch of the dungeon, and saw 4 of its levels.
You also visited: Ossuary.

You collected 312 gold pieces.

Inventory:

Hand Weapons
 a - a +1 quarterstaff (weapon)
Missiles
 c - 3 throwing nets (quivered)
Armour
 b - a +1 hat (worn)
Wands
 m - a wand of disintegration (12)
Scrolls
 d - a scroll of amnesia
 f - 3 scrolls of remove curse
 g - 5 scrolls of teleportation
 h - a scroll of identify
 i - 2 scrolls of magic mapping
Potions
 e - a potion of ambrosia {unknown}
 j - 2 potions of attraction {unknown}
 k - a potion of cancellation {unknown}
 l - 2 potions of heal wounds {unknown}
 n - 2 potions of brilliance {unknown}
 o - 2 potions of curing


   Skills:
 - Level 2.0 Fighting
 * Level 7.9 Staves
 - Level 2.0 Throwing
 - Level 3.0 Dodging


You had 6 spell levels left.
You didn't know any spells.
Your spell library was empty.

Dungeon Overview and Level Annotations

Branches:
Dungeon (4/15)            Ossuary (visited)
 Temple: D:4-7

Altars:
Gozag
Makhleb


Innate Abilities, Weirdness & Mutations

You cannot wear most types of armour.
You are very stealthy in the water. (Stealth+)
You are amphibious.
You can wear up to eight rings at the same time.
You can use your tentacles to constrict eight enemies at once.
Your skin changes colour to match your surroundings (Stealth+).
Your rubbery body absorbs attacks. (AC +1, EV +1)


Message History

A gnoll comes into view.
The gnoll hits you but does no damage. The gnoll closely misses you.
The gnoll shouts!
You hit the gnoll.
You kill the gnoll!
The gnoll throws a throwing net.
The throwing net hits you.
You become entangled in the net!
You struggle against the net.
The gnoll hits you from afar with a +1 halberd of flaming!
The gnoll burns you.
You struggle against the net.
The gnoll hits you from afar with a +1 halberd of flaming!
* * * LOW HITPOINT WARNING * * *
The gnoll burns you.
* * * LOW HITPOINT WARNING * * *
Unknown command.
Okay, then.
You struggle against the net.
The gnoll hits you from afar with a +1 halberd of flaming!
You die...

#.#...............#
#.................#
##...†.g##.......#
###......##.......#
#.....#####..)....#
##.....#######.....#.
......................
############g....#.#...#.
#.......@.g#.....#.#...#
#.######g.....<....##..#
#.# #.###.....#####.#.
#.# #.##......... ... #.#
#.##.######### ... #.#
#.##.# #.. #.# #.##.#
#.## ##.##.####
#.8####.8......#


You could see 2 gnolls.

Vanquished Creatures
  Sigmund (D:3)
  A hound (D:4)
  A human zombie (Ossuary)
  Ijyb (D:3)
  2 hound zombies (Ossuary)
  4 mummies (Ossuary)
  A gnoll (D:4)
  4 adders
  An ooze (D:2)
  2 adder zombies (Ossuary)
  3 worms
  11 dart slugs
  2 leopard geckos (D:3)
  2 orcs (D:3)
  5 bats
  A giant cockroach (D:2)
  3 goblins
  6 hobgoblins
  10 jackals
  9 kobolds
  2 quokkas
  3 frilled lizards
  A gnoll zombie (Ossuary)
  A hobgoblin zombie (Ossuary)
  A jackal skeleton (D:4)
  A jackal zombie (Ossuary)
  A kobold zombie (Ossuary)
  2 orc zombies (Ossuary)
  6 rats
  A rat zombie (Ossuary)
89 creatures vanquished.

Notes
Turn   | Place    | Note
-------+----------+-------------------------------------------
     0 | D:1      | Zeld the Octopode Gladiator began the quest for the Orb.
     0 | D:1      | Reached XP level 1. HP: 14/14 MP: 1/1
    70 | D:1      | Reached XP level 2. HP: 3/19 MP: 2/2
   691 | D:1      | Reached skill level 4 in Staves
  1154 | D:1      | Reached XP level 3. HP: 16/24 MP: 3/3
  2444 | D:2      | Found a burning altar of Makhleb.
  2555 | D:2      | Reached XP level 4. HP: 22/29 MP: 4/4
  2870 | D:3      | Reached skill level 5 in Staves
  2978 | D:3      | Noticed Sigmund
  3490 | D:3      | Killed Sigmund
  3491 | D:3      | Reached skill level 6 in Staves
  3491 | D:3      | Reached XP level 5. HP: 7/34 MP: 5/5
  3491 | D:3      | Reached XP level 6. HP: 8/39 MP: 6/6
  3837 | D:3      | Noticed Ijyb
  3846 | D:3      | Killed Ijyb
  3932 | D:2      | Found an opulent altar of Gozag.
  4858 | D:4      | Reached skill level 7 in Staves
  5103 | D:4      | Found a sand-covered staircase.
  5122 | Ossuary  | Entered an ossuary
  5514 | Ossuary  | Reached XP level 7. HP: 45/45 MP: 7/7
  5840 | D:4      | Slain by a gnoll

Illustrated notes

Levels and vault maps discovered:
D:1:      evilmike_arrival_plus, layout_loops_corners, grunt_decor_clamped,
          wad_floor_pattern_2
D:2:      lemuel_upstairs_altar, layout_loops_ring, bloody_makhleb
D:3:      kennysheep_slugbush, layout_loops_ring, kennysheep_generic_room_5,
          uniq_ijyb, uniq_sigmund
D:4:      layout_basic, lightli_ossuary_entry_decrepit_ruins

Skill      XL: |  1  2  3  4  5  6 |
---------------+-------------------+-----
Staves         | 4 6 7 |  7.9
Fighting       | |  2.0
Throwing       | |  2.0
Dodging        | |  3.0

Action                   |  1- 3 |  4- 6 |  7- 9 || total
-------------------------+-------+-------+-------++-------
Melee: Quarterstaff      |    70 |   116 |    13 ||   199
       Constrict         |    21 |    37 |     4 ||    62
       Tentacles         |     6 |    32 |     4 ||    42
Evoke: Wand              |       |     1 |       ||     1
  Use: Scroll            |       |     9 |     2 ||    11
       Potion            |       |     3 |       ||     3
 Stab: Sleeping          |     5 |     9 |       ||    14
       Distracted        |       |     2 |     1 ||     3
Armor: Skin              |     6 |    16 |     1 ||    23
Dodge: Dodged            |    40 |   103 |     3 ||   146
